 Dungeon Sprint DCSS version bcrawl-1.19.2-6-g6a88ae04c9 (webtiles) character file.

Game seed: 12941201373814510362

40343 Freyura the Champion of Chaos (level 13, 0/119 HPs)
             Began as a Demonspawn Gladiator on Jan 6, 2020.
             Was the Champion of Makhleb.
             Killed by vampiric draining
             ... invoked by a vampire knight
              (26 damage)
             ... in the Dungeon (Sprint IX: "|||||||||||||||||||||||||||||").
             The game lasted 00:24:53 (3523 turns).

Freyura the Champion of Chaos (DsGl)                Turns: 3523, Time: 00:24:54

Health: 0/119      AC: 34    Str: 23    XL:     13   Next: 74%
Magic:  27/27      EV: 26    Int: 10    God:    Makhleb [******]
Gold:   1933       SH:  0    Dex: 24    Spells: 12/12 levels left

rFire    . . .     SeeInvis .   p - +8 quarterstaff (speed)
rCold    . . .     Gourm    .   (shield currently unavailable)
rNeg     . . .     Faith    .   F - +1 shadow dragon scales
rPois    .         Spirit   .   G - +2 helmet
rElec    .         Reflect  .   q - +2 cloak
rCorr    .         Harm     .   (no gloves)
MR       .....     NoTele   +   H - +1 pair of boots
Stlth    ++++......             (no amulet)
HPRegen  0.29/turn              t - +3 ring of strength
MPRegen  0.20/turn              u - +2 ring of protection

@: mighty, agile, lightly drained
A: talons 2, slimy green scales 2, demonic guardian 1, spiny 3
a: Minor Destruction, Lesser Servant of Makhleb, Major Destruction, Greater
Servant of Makhleb, Renounce Religion


You were in the Dungeon.
You worshipped Makhleb.
Makhleb was exalted by your worship.
You were hungry.

You visited 1 branch You collected 1933 gold pieces.

Inventory:

Hand Weapons
 p - a +8 quarterstaff of speed (weapon)
Missiles
 d - 3 throwing nets (quivered) {!f}
Armour
 q - a +2 cloak (worn)
 F - +1 shadow dragon scales (worn)
 G - a +2 helmet (worn)
 H - a +1 pair of boots (worn)
Jewellery
 g - an uncursed ring of fire
 o - an uncursed ring of ice
 t - a +3 ring of strength (left hand)
 u - a +2 ring of protection (right hand)
 w - an uncursed ring of insulation
 x - an uncursed amulet of regeneration
Wands
 c - a wand of acid (6)
 n - a wand of iceblast (9)
Scrolls
 a - a scroll of identify
 k - 4 scrolls of blinking
 l - 4 scrolls of remove curse
 m - 2 scrolls of amnesia
 C - a scroll of fog
 E - a scroll of fear
Potions
 e - 5 potions of curing
 h - a potion of haste
 i - 4 potions of magic
 j - a potion of invisibility
 r - 2 potions of degeneration
 v - a potion of berserk rage
 A - a potion of brilliance
Comestibles
 b - 9 rations {!d}


   Skills:
 + Level 16.6(16.3) Fighting
 + Level 15.0(14.7) Staves
 - Level 1.7(1.5) Throwing
 + Level 15.4(15.2) Armour
 + Level 15.5(15.3) Dodging
 + Level 20.0(19.7) Invocations
 + Level 6.0(5.8) Evocations


You had 12 spell levels left.
You didn't know any spells.
Your spell library was empty.

Dungeon Overview and Level Annotations

Branches:
Dungeon (1/1)

Altars:
Cheibriados
Dithmenos
Elyvilon
Fedhas
Gozag
Hepliaklqana
Kikubaaqudgha
Lugonu
Makhleb
Nemelex Xobeh
Okawaru
Qazlal
Ru
Sif Muna
Trog
Uskayaw
Vehumet
Wu Jian
Xom
Yredelemnul
Zin
The Shining One
Beogh
Jiyva

Shops:
D }*}:


Innate Abilities, Weirdness & Mutations

You have razor-sharp toenails.
You are mostly covered in slimy green scales. (AC +3)
A weak demonic guardian rushes to your aid.
You are completely covered in sharp spines.


Message History

Makhleb accepts your kill.
Your base Evocations skill increases to level 6!
Something hits you but does no damage. Something bites you but does no damage.
Items here: ))) [[[[ ††† You bludgeon something!!
Something hits you but does no damage. Something completely misses you.
You thump something! You sock something!
Unholy energy fills the air.
* * * LOW HITPOINT WARNING * * *
You hit something. You hit something. Something barely misses you.
Something closely misses you.
You hit something. You hit something.
You hear some strange, mumbled words.
Something hits you but does no damage. Something bites you but does no damage.
You hit something but do no damage. You hit something but do no damage.
You hear some strange, mumbled words.
Unholy energy fills the air.
You die...

†▓.▓)▓.▓)▓)▓'▓.▓.▓
†▓.▓)▓.▓[▓.♣.♣.▓.▓
†▓.▓.▓.▓.▓.♣.♣.▓.▓
†▓.▓.▓.▓)▓.♣.♣.▓.▓
†▓.▓.▓.▓)▓.♣.♣.▓g▓
)▓.▓)▓.▓)▓.♣.♣.▓g▓
.▓.▓)▓.▓.▓.♣.♣.▓{▓
.▓.▓.▓.▓)▓.♣.♣.▓{▓
.▓.▓.▓.▓)▓.♣)♣.▓@▓
.▓.▓)▓.▓)▓.♣.♣.▓5▓
.▓.▓)▓.▓)▓.♣†♣.▓.▓
}▓.▓)▓.▓.▓.▓.▓.▓.▓
.▓.▓)▓.▓.▓.▓[▓.▓.▓
.▓.▓)▓.▓.▓.▓.▓.▓.▓
.▓.▓)▓.▓.▓.▓.▓.▓.▓
.▓.▓.▓.▓.▓.▓.▓.▓.▓
.▓.▓)▓.▓'▓.▓.▓.▓.▓


You could see a hobgoblin, a goblin and a friendly quasit.

Vanquished Creatures
  A ghost moth (D)
  2 stone giants (D)
  A deep elf demonologist (D)
  An ettin (D)
  Azrael (D)
  Snorg (D)
  2 fire dragons (D)
  A yaktaur captain (D)
  A hydra (D)
  An ice dragon (D)
  A naga warrior (D)
  2 catoblepae (D)
  An anaconda (D)
  A deep troll earth mage (D)
  3 death yaks (D)
  2 shock serpents (D)
  Nergalle (D)
  A tengu warrior (D)
  A spriggan berserker (D)
  A sea snake (D)
  A fire crab (D)
  A naga ritualist (D)
  A glowing orange brain (D)
  A swamp dragon (D)
  An orb spider (D)
  3 wizards (D)
  A mana viper (D)
  An orc knight (D)
  A deep elf mage (D)
  A wolf spider (D)
  10 orc sorcerers (D)
  2 manticores (D)
  A black mamba (D)
  A merfolk siren (D)
  Maurice (D)
  A naga mage (D)
  Joseph (D)
  2 cane toads (D)
  3 yaktaurs (D)
  A demonic crawler (D)
  A tengu conjurer (D)
  A troll (D)
  A merfolk (D)
  A jumping spider (D)
  A slime creature (D)
  2 snapping turtles (D)
  A tarantella (D)
  2 redbacks (D)
  3 basilisks (D)
  5 yaks (D)
  3 fire elementals (D)
  A hungry ghost (D)
  A vampire mosquito (D)
  An acid dragon (D)
  A naga (D)
  5 crocodiles (D)
  5 porcupines (D)
  A hell hound (D)
  6 orc warriors (D)
  An ice beast (D)
  A sky beast (D)
  2 necrophages (D)
  2 bullfrogs (D)
  2 jellies (D)
  A hound (D)
  9 orc wizards (D)
  3 orc priests (D)
  An adder (D)
  A shadow imp (D)
  A leopard gecko (D)
  7 orcs (D)
  A giant cockroach (D)
  A hobgoblin (D)
  A giant cockroach zombie (D)
  A jackal skeleton (D)
  A quokka skeleton (D)
  A quokka zombie (D)
  2 rats (D)
142 creatures vanquished.

Vanquished Creatures (collateral kills)
  A thorn hunter (D)
  A frost giant (D)
  A very ugly thing (D)
  A spark wasp (D)
  An orc knight (D)
  A hornet (D)
  A bog body (D)
  A vampire mosquito (D)
  4 orc warriors (D)
  A swamp drake (D)
13 creatures vanquished.

Vanquished Creatures (others)
  A spriggan druid (D)
1 creature vanquished.

Grand Total: 156 creatures vanquished

Notes
Turn   | Place    | Note
-------+----------+-------------------------------------------
     0 | D        | Freyura the Demonspawn Gladiator began the quest for the
                  | Orb.
     0 | D        | Reached XP level 1. HP: 16/16 MP: 1/1
    10 | D        | Reached skill level 1 in Armour
    86 | D        | Noticed a jelly
    86 | D        | Noticed an orc wizard
    86 | D        | Noticed a necrophage
    95 | D        | Killed a necrophage
    95 | D        | Reached skill level 5 in Staves
    95 | D        | Gained mutation: You are partially covered in slimy green
                  | scales. (AC +2) [demonic ancestry]
    95 | D        | Reached XP level 2. HP: 16/24 MP: 2/2
    95 | D        | Gained mutation: You are partially covered in sharp spines.
                  | [demonic ancestry]
    95 | D        | Reached XP level 3. HP: 19/29 MP: 3/3
    95 | D        | Gained mutation: You have sharp toenails. [demonic
                  | ancestry]
    95 | D        | Reached XP level 4. HP: 24/36 MP: 4/4
   100 | D        | Reached XP level 5. HP: 15/42 MP: 5/5
   108 | D        | Found a roughly hewn altar of Beogh.
   108 | D        | Found a snail-covered altar of Cheibriados.
   108 | D        | Found a shadowy altar of Dithmenos.
   108 | D        | Found a white marble altar of Elyvilon.
   108 | D        | Found a blossoming altar of Fedhas.
   108 | D        | Found an opulent altar of Gozag.
   109 | D        | Found a hazy altar of Hepliaklqana.
   110 | D        | Found a viscous altar of Jiyva.
   111 | D        | Found an ancient bone altar of Kikubaaqudgha.
   112 | D        | Found a corrupted altar of Lugonu.
   113 | D        | Found a burning altar of Makhleb.
   114 | D        | Found a sparkling altar of Nemelex Xobeh.
   115 | D        | Found an iron altar of Okawaru.
   116 | D        | Found a stormy altar of Qazlal.
   117 | D        | Found a sacrificial altar of Ru.
   118 | D        | Found a shimmering blue altar of Sif Muna.
   119 | D        | Found a bloodstained altar of Trog.
   120 | D        | Found a hide-covered altar of Uskayaw.
   121 | D        | Became a worshipper of Makhleb the Destroyer
   122 | D        | Found a radiant altar of Vehumet.
   123 | D        | Found an ornate altar of the Wu Jian Council.
   124 | D        | Found a shimmering altar of Xom.
   125 | D        | Found a basalt altar of Yredelemnul.
   126 | D        | Found a glowing silver altar of Zin.
   127 | D        | Found a glowing golden altar of the Shining One.
   144 | D        | Got the +2 morningstar "Rosiabal" {protect, +Fly}
   424 | D        | Noticed a hungry ghost
   424 | D        | Noticed an ice beast
   424 | D        | Noticed a necrophage
   428 | D        | Killed a necrophage
   428 | D        | Reached skill level 5 in Fighting
   428 | D        | Reached skill level 5 in Dodging
   428 | D        | Reached skill level 2 in Invocations
   430 | D        | Reached skill level 3 in Invocations
   435 | D        | Reached * piety under Makhleb
   435 | D        | Reached skill level 5 in Armour
   435 | D        | Gained mutation: You are mostly covered in slimy green
                  | scales. (AC +3) [demonic ancestry]
   435 | D        | Reached XP level 6. HP: 33/50 MP: 5/8
   442 | D        | HP: 1/50 [ice beast (13)]
   451 | D        | Killed an ice beast
   451 | D        | Reached skill level 5 in Invocations
   465 | D        | Killed a hungry ghost
   465 | D        | Reached ** piety under Makhleb
   465 | D        | Gained mutation: You are mostly covered in sharp spines.
                  | [demonic ancestry]
   465 | D        | Reached XP level 7. HP: 41/59 MP: 7/11
   543 | D        | Noticed a wolf spider
   543 | D        | Noticed a deep elf mage
   543 | D        | Noticed a troll
   549 | D        | Killed a troll
   549 | D        | Reached skill level 6 in Invocations
   554 | D        | Killed a deep elf mage
   554 | D        | Reached skill level 10 in Staves
   554 | D        | Reached skill level 7 in Invocations
   554 | D        | Reached XP level 8. HP: 57/68 MP: 11/13
   565 | D        | Killed a wolf spider
   565 | D        | Reached *** piety under Makhleb
   565 | D        | Reached skill level 8 in Invocations
   759 | D        | Noticed a cane toad
   768 | D        | Reached skill level 9 in Invocations
   772 | D        | Reached **** piety under Makhleb
   778 | D        | Killed a cane toad
   778 | D        | Gained mutation: A weak demonic guardian rushes to your
                  | aid. [demonic ancestry]
   778 | D        | Reached XP level 9. HP: 70/76 MP: 14/16
   791 | D        | Reached ***** piety under Makhleb
   791 | D        | Reached skill level 10 in Invocations
   802 | D        | Noticed a fire crab
   802 | D        | Noticed a seven-headed hydra
   818 | D        | Killed a seven-headed hydra
   827 | D        | Noticed a cane toad
   830 | D        | Reached skill level 10 in Fighting
   834 | D        | Reached skill level 11 in Invocations
   844 | D        | Killed a fire crab
   844 | D        | Reached XP level 10. HP: 72/85 MP: 18/18
   862 | D        | Killed a cane toad
   900 | D        | Noticed a catoblepas
   900 | D        | Noticed a death yak
   900 | D        | Noticed a death yak
   901 | D        | Noticed a death yak
   906 | D        | Reached ****** piety under Makhleb
   916 | D        | Killed a death yak
   916 | D        | Reached skill level 10 in Dodging
   916 | D        | Reached skill level 12 in Invocations
   947 | D        | Killed a death yak
   947 | D        | Reached skill level 10 in Armour
   958 | D        | Noticed a catoblepas
   965 | D        | Killed a catoblepas
   978 | D        | Killed a death yak
  1005 | D        | Killed a catoblepas
  1005 | D        | Reached skill level 13 in Invocations
  1005 | D        | Gained mutation: You have razor-sharp toenails. [demonic
                  | ancestry]
  1005 | D        | Reached XP level 11. HP: 75/93 MP: 20/20
  1059 | D        | Noticed Maurice
  1077 | D        | Killed Maurice
  1516 | D        | Noticed an orc knight
  1540 | D        | Killed an orc knight
  1540 | D        | Reached skill level 14 in Invocations
  1545 | D        | Noticed an orc knight
  1558 | D        | Killed an orc knight
  1767 | D        | Found Gomum's Book Boutique.
  1767 | D        | Noticed an orc sorcerer
  1767 | D        | Noticed an orc sorcerer
  1767 | D        | Noticed an orc sorcerer
  1768 | D        | Noticed a sixfirhy
  1768 | D        | Noticed an orc sorcerer
  1773 | D        | Killed an orc sorcerer
  1774 | D        | Found Livinn's Gadget Shop.
  1779 | D        | Noticed an orc sorcerer
  1779 | D        | Killed an orc sorcerer
  1782 | D        | Killed an orc sorcerer
  1783 | D        | Noticed an orc sorcerer
  1787 | D        | Killed an orc sorcerer
  1788 | D        | Found Readaez's Assorted Antiques.
  1788 | D        | Noticed an orc sorcerer
  1789 | D        | Noticed an orc sorcerer
  1794 | D        | Killed an orc sorcerer
  1803 | D        | Found Nunyuk's Gadget Shop.
  1803 | D        | Noticed an orc sorcerer
  1812 | D        | Paralysed by an orc sorcerer for 3 turns
  1814 | D        | Noticed a sixfirhy
  1817 | D        | Killed an orc sorcerer
  1817 | D        | Reached skill level 15 in Invocations
  1826 | D        | Killed an orc sorcerer
  1835 | D        | Killed an orc sorcerer
  1836 | D        | Noticed an orc sorcerer
  1864 | D        | Killed an orc sorcerer
  1877 | D        | Killed an orc sorcerer
  2051 | D        | Found the +4 serpentine sling {petrify}
  2171 | D        | Noticed a wizard
  2189 | D        | Noticed a fire dragon
  2191 | D        | Killed a wizard
  2195 | D        | Noticed a fire dragon
  2196 | D        | Noticed a wizard
  2207 | D        | Killed a fire dragon
  2207 | D        | Reached skill level 16 in Invocations
  2207 | D        | Reached XP level 12. HP: 92/105 MP: 22/24
  2234 | D        | Killed a fire dragon
  2320 | D        | Noticed Nergalle
  2346 | D        | Killed Nergalle
  2519 | D        | Noticed a thorn hunter
  2551 | D        | Killed a thorn hunter
  2551 | D        | Reached skill level 17 in Invocations
  2801 | D        | Killed a ghost moth
  2922 | D        | Noticed an anaconda
  2927 | D        | Noticed a naga warrior
  2931 | D        | Killed an anaconda
  2931 | D        | Reached skill level 15 in Fighting
  2936 | D        | Reached skill level 18 in Invocations
  2982 | D        | Killed a naga warrior
  2982 | D        | Gained mutation: You are completely covered in sharp
                  | spines. [demonic ancestry]
  2982 | D        | Reached XP level 13. HP: 82/116 MP: 22/26
  3169 | D        | Noticed Joseph
  3184 | D        | Killed Joseph
  3198 | D        | Reached skill level 19 in Invocations
  3216 | D        | Noticed Azrael
  3230 | D        | Killed Azrael
  3230 | D        | Reached skill level 1 in Evocations
  3235 | D        | Noticed Snorg
  3254 | D        | Killed Snorg
  3357 | D        | Noticed a stone giant
  3359 | D        | Reached skill level 15 in Dodging
  3360 | D        | Noticed a spark wasp
  3364 | D        | Noticed a frost giant
  3375 | D        | Noticed a stone giant
  3379 | D        | Killed a stone giant
  3379 | D        | Reached skill level 15 in Armour
  3391 | D        | Noticed an ettin
  3409 | D        | Noticed a purple very ugly thing
  3414 | D        | Killed a spark wasp
  3417 | D        | Killed a frost giant
  3425 | D        | Noticed a deep elf demonologist
  3440 | D        | Killed a stone giant
  3440 | D        | Reached skill level 5 in Evocations
  3444 | D        | Noticed a blizzard demon
  3444 | D        | Killed a purple very ugly thing
  3450 | D        | Killed an ettin
  3459 | D        | Noticed a blizzard demon
  3466 | D        | Noticed a reaper
  3480 | D        | Noticed a Shadow Fiend
  3497 | D        | Noticed a vampire knight
  3508 | D        | Killed a deep elf demonologist
  3508 | D        | Reached skill level 15 in Staves
  3508 | D        | Reached skill level 20 in Invocations
  3523 | D        | Killed from afar by a vampire knight

Skill      XL: |  1  2  3  4  5  6  7  8  9 10 11 12 13 |
---------------+----------------------------------------+-----
Staves         | 5 6 7 8 10 11 13 14 15 | 15.0
Dodging        | 4 5 6 7 8 9 10 12 14 15 | 15.5
Armour         | 3 5 7 8 9 10 12 14 15 | 15.4
Fighting       | 4 5 6 7 9 10 11 13 15 16 | 16.6
Invocations    | 3 5 7 9 11 13 16 18 20 | 20.0
Evocations     | 6 |  6.0
Throwing       | |  1.7

Action                   |  1- 3 |  4- 6 |  7- 9 | 10-12 | 13-15 || total
-------------------------+-------+-------+-------+-------+-------++-------
Melee: Quarterstaff      |    19 |    42 |    88 |   435 |   227 ||   811
       Kick              |       |     1 |       |       |       ||     1
Invok: Greater Servant o |       |       |       |     4 |     2 ||     6
Evoke: Wand              |       |       |       |     1 |       ||     1
  Use: Potion            |     1 |     1 |     2 |     6 |     5 ||    15
       Scroll            |       |       |     6 |     2 |     1 ||     9
 Stab: Petrified         |       |       |       |     5 |       ||     5
       Sleeping          |       |       |       |       |     1 ||     1
  Eat: Ration            |       |       |     1 |     1 |       ||     2
       Chunk             |       |       |       |     3 |     2 ||     5
Armor: Leather armour    |     2 |     1 |       |       |       ||     3
       Plate armour      |       |    13 |    51 |    72 |       ||   136
       Shadow dragon sca |       |       |       |    78 |    84 ||   162
Dodge: Dodged            |     7 |     7 |    35 |   130 |    81 ||   260
